 Dungeon Crawl Stone Soup version 0.30.1-9-gdf580d7c3d (webtiles) character file.

Game seed: 13334695475668112467

65 Psyclone the Conjurer (level 3, 0/18 (19) HPs)
             Began as a Deep Elf Conjurer on Sept 25, 2023.
             Killed by divine providence
             ... invoked by an orc priest
              (11 damage)
             ... on level 2 of the Dungeon.
             The game lasted 00:06:09 (1504 turns).

Psyclone the Conjurer (Deep Elf Conjurer)           Turns: 1504, Time: 00:06:09

HP:   0/18 (19)     AC:  2    Str:  4    XL:     3   Next: 92%
MP:   2/11          EV: 12    Int: 24    God:
Gold: 49            SH:  0    Dex: 13    Spells: 6/11 levels left

rFire   . . .        h - +1 dagger (venom)
rCold   . . .        (no shield)
rNeg    . . .        a - +0 robe
rPois   .            (no helmet)
rElec   .            (no cloak)
rCorr   .            (no gloves)
SInv    .            (no boots)
Will    .....        (no amulet)
Stlth   ++           (no ring)
HPRegen 0.23/turn    (no ring)
MPRegen 0.12/turn

%: no passive effects
@: drained
A: no striking features
a: no special abilities


You were on level 2 of the Dungeon.
You visited 1 branch of the dungeon, and saw 2 of its levels.

You collected 49 gold pieces.

Inventory:

Hand Weapons
 h - a +1 dagger of venom (weapon)
Armour
 a - a +0 robe (worn)
Scrolls
 c - a scroll of fear {unknown}
 f - a scroll of teleportation {unknown}
 g - a scroll of silence {unknown}
 j - a scroll of identify {unknown}
Potions
 b - a potion of magic
 d - a potion of curing {unknown}
 e - a potion of heal wounds {unknown}
 i - a potion of haste {unknown}
 k - a potion of brilliance {unknown}


   Skills:
 - Level 2.4 Dodging
 - Level 2.4 Stealth
 + Level 4.6 Spellcasting
 + Level 5.3 Conjurations


You had 6 spell levels left.
You knew the following spells:

 Your Spells              Type           Power      Damage    Failure   Level
a - Magic Dart            Conj           100%       1d8       1%          1
b - Searing Ray           Conj           62%        2d6       1%          2
c - Cigotuvi's Dreadful   Necr/Pois/Air  10%        N/A       14%         2

Your spell library contained the following spells:

 Spells                   Type           Power      Damage    Failure   Level
 Dazzling Flash           Conj/Hex       36%        N/A       10%         3
 Ignite Poison            Fire/Tmut/Pois 5%         N/A       28%         3
 Fulminant Prism          Conj/Hex       9%         3d6       30%         4
 Iskenderun's Mystic Bla  Conj/Tloc      18%        2d6       30%         4
 Freezing Cloud           Conj/Ice/Air   7%         6-21      77%         5


Dungeon Overview and Level Annotations

Branches:
Dungeon (2/15) Zot: 10495

Altars:


Message History

Casting: Magic Dart (safe; 1% risk of failure)
Confirm with . or Enter, or press ? or * to list all spells.
Aiming: Magic Dart (safe; 1% risk of failure)
Press: ? - help, Shift-Dir - straight line, f/p - orc wizard
Aim: an orc wizard, wielding a +0 dagger and wearing a +0 robe (almost dead, 100% to hit)
The magic dart hits the orc wizard.
The orc wizard is almost dead.
The orc wizard casts a spell.
The orc wizard flickers and vanishes!
You now have 6/10 mp.
Casting: Magic Dart (safe; 1% risk of failure)
Confirm with . or Enter, or press ? or * to list all spells.
Aiming: Searing Ray (safe; 1% risk of failure)
Press: ? - help, Shift-Dir - straight line, f - orc
Aim: an orc, wielding a +0 club (79% to hit)
The searing ray hits the orc!
You kill the orc! (Press . to maintain the ray.)
You now have 4/10 mp.
The searing ray hits something!
Reactivating autopickup.
You feel a bit more experienced.
You now have 3/11 mp.
The searing ray hits something but does no damage.
You finish channelling your searing ray.
You now have 2/11 mp.
Casting: Searing Ray (safe; 1% risk of failure)
Confirm with . or Enter, or press ? or * to list all spells.
Aiming: Searing Ray (safe; 1% risk of failure)
Press: ? - help, Shift-Dir - straight line, f - orc
Aim: an orc, wielding a +0 dagger (79% to hit)
Okay, then.
The orc priest begins to cast a cantrip, but forgets the words!
A puff of flame appears from out of thin air!
Deactivating autopickup; reactivate with Ctrl-A.
The puff of flame misses you.
The orc priest mumbles some strange prayers to Beogh against you.
Beogh smites you!
Ouch! That really hurt!
You die...

##.# #....#.........#....# .#.#
#..).#.........#....## .#.#
#....#.........#.....# .#.#
#..............#.....#
...#####.............###...#
##....##....)........# #...#
#.##.##.............# #...# .
##'##..'....#####...####...####..
....##.#....'...@..{o..o)..'..>..
....##.#....#####...####...###...
....##.#....# #...# #...# ...
##.###.#....# #...# #...# ...
#.....#....# #...# #...# ...
######.#....#####...## ....o ...
.# #...............##.[.... .##
.## ####.##.#####...##......o{o
..## #.##.# #...#


You could see an orc priest and an orc.

Vanquished Creatures
  An orc wizard (D:2)
  A worm (D:2)
  An orc (D:2)
  2 endoplasms (D:1)
  3 giant cockroaches (D:1)
  5 goblins
  4 hobgoblins (D:1)
  A quokka (D:1)
  3 ball pythons
  3 bats (D:1)
  3 frilled lizards (D:1)
  3 kobolds
  3 rats
33 creatures vanquished.

Notes
Turn   | Place    | Note
-------+----------+-------------------------------------------
     0 | D:1      | Psyclone the Deep Elf Conjurer began the quest for the Orb.
     0 | D:1      | Reached XP level 1. HP: 10/10 MP: 6/6
   209 | D:1      | Reached XP level 2. HP: 15/15 MP: 6/8
   277 | D:1      | Learned a level 2 spell: Searing Ray
   280 | D:1      | Learned a level 2 spell: Cigotuvi's Dreadful Rot
  1077 | D:1      | Reached skill level 5 in Conjurations
  1077 | D:1      | Reached XP level 3. HP: 15/15 MP: 8/10
  1504 | D:2      | Killed from afar by an orc priest

Illustrated notes

Levels and vault maps discovered:
D:1:      wander_arrival_abandoned_jail, layout_loops_cross
D:2:      layout_basic

Skill      XL: |  1  2 |
---------------+-------+-----
Spellcasting   | 4 |  4.6
Conjurations   | 5 |  5.3
Dodging        | |  2.4
Stealth        | |  2.4

Action                     || total
---------------------------++-------
  Melee: Unarmed           ||     2
   Cast: Magic Dart        ||    54
         Cigotuvi's Dreadf ||     2
         Searing Ray       ||     2
   Stab: Sleeping          ||     2
 Armour: Robe              ||     1
  Dodge: Dodged            ||     3
